 Dungeon Crawl Stone Soup version 0.29.1-2-gbd0b4ee654 (webtiles) character file.

Game seed: 2325384597978546295

136 nshep25 the Chopper (level 4, -2/41 HPs)
             Began as a Minotaur Fighter on Nov 7, 2022.
             Slain by an orc wizard
             ... wielding a +0 dagger
              (4 damage)
             ... on level 4 of the Dungeon.
             The game lasted 00:04:37 (2179 turns).

nshep25 the Chopper (Minotaur Fighter)              Turns: 2179, Time: 00:04:38

Health: -2/41      AC:  9    Str: 23    XL:     4   Next: 98%
Magic:  3/3        EV:  9    Int:  5    God:
Gold:   58         SH:  0    Dex:  9    Spells: 3/3 levels left

rFire   . . .      SeeInvis .   a - +0 war axe (freeze)
rCold   . . .      Faith    .   c - +0 buckler
rNeg    . . .      Spirit   .   b - +0 scale mail
rPois   .          Reflect  .   (helmet restricted)
rElec   .          Harm     .   n - +0 cloak
rCorr   .          Rampage  .   (no gloves)
Will    .....                   i - +0 pair of boots
Stlth   ..........              (no amulet)
HPRegen 0.13/turn               (no ring)
MPRegen 0.08/turn               (no ring)

@: confused
A: horns 2, retaliatory headbutt
a: no special abilities


You were on level 4 of the Dungeon.
You visited 1 branch of the dungeon, and saw 4 of its levels.

You collected 58 gold pieces.

Inventory:

Hand Weapons
 a - a +0 war axe of freezing (weapon)
Armour
 b - a +0 scale mail (worn)
 c - a +0 buckler (worn)
 i - a +0 pair of boots (worn)
 n - a +0 cloak (worn)
Wands
 r - a wand of iceblast (12)
Potions
 d - 3 potions of might
 e - 2 potions of flight {unknown}
 j - 3 potions of curing
 t - a potion of lignification {unknown}
 u - a potion of invisibility {unknown}
 v - 2 potions of mutation {unknown}
 w - a potion of haste {unknown}
 x - a potion of berserk rage {unknown}


   Skills:
 * Level 4.4 Fighting
 * Level 5.1 Axes
 + Level 4.2 Armour
 + Level 3.9 Shields


You had 3 spell levels left.
You didn't know any spells.
Your spell library was empty.

Dungeon Overview and Level Annotations

Branches:
Dungeon (4/15)
 Temple: D:4-7

Altars:
Uskayaw

Shops:
D:2 ?


Innate Abilities, Weirdness & Mutations

You have a pair of horns on your head.
You reflexively headbutt those who attack you in melee.


Message History

You see here a +0 dagger.
You barely miss the orc. Your headbutt misses the orc. You miss something.
Something hits you.
* * * LOW HITPOINT WARNING * * *
You block the orc's attack.
You hit the orc. You freeze the orc. You headbutt the orc.
The orc is severely wounded.
You closely miss something. Something hits you.
* * * LOW HITPOINT WARNING * * *
The orc hits you but does no damage. The orc closely misses you.
You furiously retaliate!
You headbutt the orc, but do no damage.
You hear some strange, mumbled words.
A puff of flame appears from out of thin air!
The puff of flame hits you.
* * * LOW HITPOINT WARNING * * *
You hit the orc. You freeze the orc.
You kill the orc!
You hit something but do no damage.
You hear some strange, mumbled words.
A puff of flame appears from out of thin air!
The puff of flame hits you but does no damage.
You barely miss something.
You hear some strange, mumbled words.
A magic dart appears from out of thin air!
The magic dart hits you.
* * * LOW HITPOINT WARNING * * *
You slash something! You freeze something.
Something hits you but does no damage. x2
You closely miss something. Your headbutt misses something.
You hear some strange, mumbled words.
You are confused.
You closely miss something. Your headbutt misses something. Something hits you.
* * * LOW HITPOINT WARNING * * *
You're too confused to move!
Something hits you but does no damage. Something hits you but does no damage.
Something hits you but does no damage.
Things that are here:
a +0 whip; a +0 chain mail Something hits you.
You die...

##.#. .... ##...
.... #.. ##.## . #
###...##
....##..@)..# ####.
#.......)...##.....
#........)..#....#
................#
...........<...##
.........##......#
.........##.......#
...<..............#
...................


There were no monsters in sight!

Vanquished Creatures
  2 orc priests (D:4)
  An adder (D:2)
  A worm (D:2)
  3 dart slugs
  3 orcs
  3 ball pythons
  5 endoplasms
  3 giant cockroaches
  A goblin (D:1)
  8 hobgoblins
  3 jackals (D:1)
  4 kobolds
  4 quokkas (D:1)
  5 bats
  2 frilled lizards (D:1)
  3 rats
51 creatures vanquished.

Vanquished Creatures (others)
  10 plants (D:2)
10 creatures vanquished.

Grand Total: 61 creatures vanquished

Notes
Turn   | Place    | Note
-------+----------+-------------------------------------------
     0 | D:1      | nshep25 the Minotaur Fighter began the quest for the Orb.
     0 | D:1      | Reached XP level 1. HP: 19/19 MP: 0/0
   288 | D:1      | Reached XP level 2. HP: 22/27 MP: 1/1
   350 | D:1      | Found a faded altar of an unknown god.
   551 | D:1      | Reached skill level 3 in Axes
   679 | D:1      | Reached XP level 3. HP: 31/33 MP: 2/2
   963 | D:2      | Found a hide-covered altar of Uskayaw.
  1045 | D:2      | Found Zuiffeh's Magic Scroll Shoppe.
  1118 | D:2      | Reached skill level 4 in Axes
  1597 | D:3      | Reached XP level 4. HP: 40/40 MP: 3/3
  1879 | D:3      | Found a hide-covered altar of Uskayaw.
  2168 | D:4      | Reached skill level 5 in Axes
  2175 | D:4      | HP: 2/41 [something (2)]
  2179 | D:4      | Slain by an orc wizard

Illustrated notes

Levels and vault maps discovered:
D:1:      dpeg_arrival_arbitrary_a, layout_basic, basic_ecumenical_altar
D:2:      layout_rooms, basic_altar, serial_shops, shop_scrolls,
          serial_bayou_lake_a
D:3:      layout_loops_ring, nicolae_uskayaw_suspiria
D:4:      layout_cave_pools, zin_purify, serial_shops, nicolae_shop_behind_doors

Skill      XL: |  1  2  3  4 |
---------------+-------------+-----
Armour         | 4 |  4.2
Fighting       | 4 |  4.4
Axes           | 3 4 5 |  5.1
Shields        | |  3.9

Action                   |  1- 3 |  4- 6 || total
-------------------------+-------+-------++-------
Melee: War axe           |    97 |    15 ||   112
       Headbutt          |    12 |     2 ||    14
  Use: Scroll            |       |    10 ||    10
Armor: Scale mail        |    64 |    13 ||    77
Dodge: Dodged            |    49 |     4 ||    53
Block: Buckler           |    30 |     3 ||    33
